 Dungeon Crawl Stone Soup version 0.30.1-11-g7821555f0a (webtiles) character file.

Game seed: 3364569031919716278

4325 aaadecentral the Digger (level 10, 0/67 HPs)
             Began as a Demonspawn Earth Elementalist on Dec 31, 2023.
             Was a Believer of Dithmenos.
             Shot with an arrow by a centaur (12 damage)
             ... on level 10 of the Dungeon.
             The game lasted 00:31:08 (9487 turns).

aaadecentral the Digger (DsEE)                      Turns: 9487, Time: 00:31:09

Health: 0/67       AC:  7    Str:  8    XL:     10   Next: 11%
Magic:  9/21       EV: 13    Int: 18    God:    Dithmenos [**....]
Gold:   340        SH:  8    Dex: 19    Spells: 11/24 levels left

rFire   . . .        x - +3 dagger (venom)
rCold   . . .        j - +3 buckler
rNeg    . . .        d - +1 robe {Will+}
rPois   +            (no helmet)
rElec   .            (no cloak)
rCorr   .            n - +2 pair of gloves
SInv    .            e - +0 pair of boots
Will    +....        (no amulet)
Stlth   +++++        l - ring of poison resistance
HPRegen 0.31/turn    (no ring)
MPRegen 0.17/turn

%: no passive effects
@: wreathed by umbra
A: claws 1, big brain 1, demonic magic 2
a: Renounce Religion, Shadow Step


You were on level 10 of the Dungeon.
You worshipped Dithmenos.
Dithmenos was pleased with you.
You visited 2 branches of the dungeon, and saw 11 of its levels.
You also visited: Ossuary.

You collected 340 gold pieces.

Inventory:

Hand Weapons
 r - the +6 mace of Resumed Hostilities {freeze, Str+3}
   (You took it off an orc wizard on level 5 of the Dungeon)

   Str:       It affects your strength (+3).
 x - a +3 dagger of venom (weapon)
Missiles
 D - 2 boomerangs of dispersal
Armour
 d - a +1 robe of willpower (worn)
 e - a +0 pair of boots (worn)
 j - a +3 buckler (worn)
 n - a +2 pair of gloves (worn)
Jewellery
 l - a ring of poison resistance (left hand)
Wands
 C - a wand of flame (26)
Scrolls
 a - a scroll of poison
 c - 4 scrolls of magic mapping
 i - 4 scrolls of teleportation
 o - 5 scrolls of vulnerability
Potions
 b - 2 potions of magic
 f - 3 potions of heal wounds
 h - 3 potions of curing
 m - 3 potions of attraction {unknown}
 p - 2 potions of berserk rage {unknown}
 q - 2 potions of brilliance {unknown}
 s - a potion of lignification {unknown}
 u - a potion of might {unknown}
 w - 3 potions of mutation {unknown}
 z - 2 potions of ambrosia {unknown}
 A - a potion of haste {unknown}


   Skills:
 + Level 1.8 Fighting
 + Level 3.0 Short Blades
 + Level 0.2 Maces & Flails
 + Level 1.9 Armour
 + Level 3.2 Dodging
 + Level 7.1 Stealth
 + Level 1.6 Shields
 + Level 7.6 Spellcasting
 + Level 1.9 Conjurations
 + Level 0.8 Transmutations
 + Level 7.7 Earth Magic


You had 11 spell levels left.
You knew the following spells:

 Your Spells              Type           Power      Damage    Failure   Level
a - Sandblast             Erth           68%        2d15      1%          1
b - Stone Arrow           Conj/Erth      48%        3d10      7%          3
c - Petrify               Tmut/Erth      22%        N/A       26%         4
d - Passwall              Tmut/Erth      18%        N/A       4%          2
e - Ignite Poison         Fire/Tmut/Pois 7%         N/A       38%         3

Your spell library contained the following spells:

 Spells                   Type           Power      Damage    Failure   Level
 Apportation              Tloc           12%        N/A       16%         1
 Necrotise                Necr           24%        1d5       16%         1
 Summon Small Mammal      Summ           24%        N/A       16%         1
 Ensorcelled Hibernation  Hex/Ice        12%        N/A       24%         2
 Spider Form              Tmut/Pois      8%         N/A       38%         3
 Sticky Flame             Conj/Fire      10%        2d3       71%         4
 Anguish                  Hex/Necr       3%         N/A       85%         4
 Ignition                 Fire           3%         3d4       100%        8


Dungeon Overview and Level Annotations

Branches:
Dungeon (10/15)            Temple (1/1) D:5            Lair (0/5) D:8
Ossuary (visited)
    Orc: D:9-12

Altars:
Ashenzari
Cheibriados
Dithmenos
Gozag
Hepliaklqana
Makhleb
Nemelex Xobeh
Okawaru
Qazlal
Ru
Sif Muna
Trog
Uskayaw
Vehumet
Xom

Shops:
D:4 *

Annotations:
D:8 Prince Ribbit
Temple 2 transporters


Innate Abilities, Weirdness & Mutations

You have sharp fingernails.
You have an unusually large brain. (Int +2)
Spells you cast may paralyse nearby enemies.


Message History

Dithmenos accepts your kill.
The yak is no longer paralysed.
The kobold is no longer paralysed.
The bullfrog closely misses you. The yak misses you. The yak gores you!
You block the orc wizard's attack.
As you read the scroll of fog, it crumbles to dust.
The scroll dissolves into smoke.
You block the bullfrog's attack. The yak gores you but does no damage.
The yak closely misses you. The bullfrog closely misses you.
The kobold closely misses you.
The orc wizard hits you with a +0 dagger.
The yak attacks as you move away! The yak closely misses you.
The bullfrog hits you but does no damage.
Casting: Sandblast (safe; 1% risk of failure)
Confirm with . or Enter, or press ? or * to list all spells.
Aiming: Sandblast (safe; 1% risk of failure)
Press: ? - help, Shift-Dir - straight line, f/p - yak
Aim: a yak (grey smoke, almost dead, umbra, 90% to hit)
The blast of sand hits the kobold!!
You kill the kobold!
Dithmenos accepts your kill. Malevolent energies surge around you.
The bullfrog suddenly stops moving!
The orc warrior suddenly stops moving!
The orc wizard suddenly stops moving!
The yak suddenly stops moving!
The yak gores you but does no damage. The yak gores you!
* * * LOW HITPOINT WARNING * * *
The bullfrog is no longer paralysed.
The orc warrior is no longer paralysed.
The bullfrog hits you.
* * * LOW HITPOINT WARNING * * *
The yak completely misses you.
Blink to where?
Press: ? - help, Dir - move target, p - yak
As you read the scroll of blinking, it crumbles to dust.
The bullfrog swells and bulges.
You climb downwards.
Found 8 gold pieces.
There is a stone staircase leading up here.
The centaur shouts!
The centaur wields a +0 shortbow.
The centaur shoots an arrow.
The arrow hits you!
You die...

############..#
#.....@<.......
#.........$....
#.c............
#..............
#..............
#..............
#..............
#.....#########


You could see a centaur.

Vanquished Creatures
  Pikel (D:5)
  A wyvern (D:8)
  A basilisk (D:8)
  2 steam dragons
  A vampire (D:9)
  2 yaks (D:9)
  Eustachio (D:5)
  Duvessa (D:5)
  An ice beast (D:7)
  2 orc warriors
  2 sky beasts (D:7)
  2 black bears (D:7)
  2 centaurs
  2 lemures (D:5)
  3 elf zombies (Ossuary)
  3 kobold brigands
  4 bullfrogs
  5 scorpions
  Dowan (D:5)
  A howler monkey (D:8)
  A hound (D:4)
  A jelly (D:4)
  A gnoll bouda (D:4)
  3 orc priests
  3 sleepcaps
  3 iguanas (D:5)
  5 orc wizards
  2 mummies (Ossuary)
  7 adders
  12 gnolls
  2 shadow imps (D:6)
  An ufetubus (D:6)
  2 worms (D:3)
  3 dart slugs
  20 orcs
  6 endoplasms
  3 giant cockroaches
  7 goblins
  2 hobgoblins
  8 jackals
  13 kobolds
  4 quokkas
  5 ball pythons
  4 bats
  2 frilled lizards
  3 goblin zombies (Ossuary)
  8 hobgoblin zombies (Ossuary)
  3 jackal zombies (Ossuary)
  11 kobold zombies (Ossuary)
  9 orc zombies (Ossuary)
  2 rats
194 creatures vanquished.

Notes
Turn   | Place    | Note
-------+----------+-------------------------------------------
     0 | D:1      | aaadecentral the Demonspawn Earth Elementalist began the
                  | quest for the Orb.
     0 | D:1      | Reached XP level 1. HP: 13/13 MP: 3/3
   248 | D:1      | Gained mutation: You have an unusually large brain. (Int
                  | +2) [demonic ancestry]
   248 | D:1      | Reached XP level 2. HP: 19/19 MP: 3/5
  1105 | D:2      | Gained mutation: You have sharp fingernails. [demonic
                  | ancestry]
  1105 | D:2      | Reached XP level 3. HP: 23/24 MP: 4/6
  2116 | D:3      | Learned a level 3 spell: Stone Arrow
  2390 | D:3      | Gained mutation: Spells you cast may paralyse adjacent
                  | enemies. [demonic ancestry]
  2390 | D:3      | Reached XP level 4. HP: 30/30 MP: 6/8
  2679 | D:3      | Found a faded altar of an unknown god.
  3135 | D:4      | Learned a level 4 spell: Petrify
  3316 | D:4      | Reached XP level 5. HP: 35/35 MP: 6/10
  3355 | D:4      | Found Unnann's Overcharged Wands.
  3628 | D:5      | Entered Level 5 of the Dungeon
  3628 | D:5      | Noticed Dowan
  3743 | D:5      | Noticed Pikel
  3743 | D:5      | Noticed a lemure
  3743 | D:5      | Noticed a lemure
  3749 | D:5      | Noticed Duvessa
  3765 | D:4      | Reached XP level 6. HP: 14/41 MP: 4/12
  3768 | D:4      | Learned a level 2 spell: Passwall
  4062 | D:4      | Reached skill level 1 in Armour
  4368 | D:4      | Learned a level 3 spell: Ignite Poison
  4453 | D:5      | Noticed an orc warrior
  4506 | D:5      | Noticed Eustachio
  4513 | D:5      | Killed Eustachio
  4526 | D:5      | Reached skill level 1 in Short Blades
  4526 | D:5      | Reached XP level 7. HP: 43/47 MP: 6/13
  4789 | D:5      | Reached skill level 1 in Fighting
  4789 | D:5      | Reached skill level 1 in Shields
  4800 | D:5      | Killed Pikel
  4801 | D:5      | Reached skill level 5 in Spellcasting
  4801 | D:5      | Reached skill level 5 in Earth Magic
  4801 | D:5      | Reached XP level 8. HP: 38/54 MP: 5/15
  4905 | D:5      | Found a staircase to the Ecumenical Temple.
  4944 | D:5      | Identified the +6 mace of Resumed Hostilities {freeze,
                  | Str+3}
  4950 | D:5      | Killed Duvessa
  4951 | D:5      | Reached skill level 5 in Stealth
  4961 | D:5      | Killed Dowan
  5449 | Temple   | Entered the Ecumenical Temple
  5449 | Temple   | Found a transporter.
  5449 | Temple   | Found a transporter.
  5451 | Temple   | Found a transporter.
  5451 | Temple   | Found a transporter.
  5467 | Temple   | Became a worshipper of Dithmenos the Shadowed
  5874 | D:6      | Found a sand-covered staircase.
  5883 | Ossuary  | Entered an ossuary
  6050 | Ossuary  | Reached * piety under Dithmenos
  6511 | D:6      | Gained mutation: Spells you cast may paralyse nearby
                  | enemies. [demonic ancestry]
  6511 | D:6      | Reached XP level 9. HP: 55/60 MP: 16/18
  6798 | D:6      | Found a sacrificial altar of Ru.
  8195 | D:7      | Reached skill level 1 in Conjurations
  8717 | D:8      | Reached ** piety under Dithmenos
  8903 | D:8      | Noticed Prince Ribbit
  9173 | D:8      | Found a staircase to the Lair.
  9212 | D:9      | Reached XP level 10. HP: 60/67 MP: 16/21
  9486 | D:10     | Entered Level 10 of the Dungeon
  9487 | D:10     | Shot with an arrow by a centaur

Illustrated notes

Levels and vault maps discovered:
D:1:      minmay_arrival_semitransparent, layout_loops_ring
D:2:      layout_loops_corners
D:3:      layout_loops_ring, ebering_ecumenical_altar_box
D:4:      layout_cave_pods, nicolae_shop_overcharged_wands
D:5:      layout_cave_pools, lemuel_temple_firewalk_a, uniq_pikel,
          uniq_eustachio, uniq_duvessa
D:6:      layout_layer_cave, marbit_many_paths, nicolae_ossuary_entry_monument
D:7:      layout_basic
D:8:      layout_layer_cave, david_lair_generic, uniq_prince_ribbit1
D:9:      layout_cross, tgw_kikubaaqudgha, mainiacjoe_overflow_surrounded_room,
          ebering_ghost_funeral_grove
D:10:     layout_grid_maze, minmay_orc_entry_guard_dogs, uniq_harold,
          uniq_nergalle
Temple:   hellmonk_temple_divided_pantheon

Skill      XL: |  1  2  3  4  5  6  7  8  9 10 |
---------------+-------------------------------+-----
Earth Magic    | 3 4 5 6 7 |  7.7
Stealth        | 2 3 4 5 7 |  7.1
Spellcasting   | 3 4 5 6 7 |  7.6
Dodging        | 2 3 |  3.2
Armour         | 1 |  1.9
Short Blades   | 1 2 3 |  3.0
Fighting       | 1 |  1.8
Shields        | 1 |  1.6
Conjurations   | 1 |  1.9
Maces & Flails | |  0.2
Transmutations | |  0.8

Action                     |  1- 3 |  4- 6 |  7- 9 | 10-12 || total
---------------------------+-------+-------+-------+-------++-------
  Melee: Dagger            |    37 |    25 |    58 |     6 ||   126
         Rapier            |       |       |    22 |       ||    22
         Mace              |       |       |     5 |       ||     5
   Cast: Sandblast         |    46 |    64 |   130 |     7 ||   247
         Stone Arrow       |       |       |    31 |     3 ||    34
    Use: Scroll            |       |     4 |     5 |    10 ||    19
         Potion            |       |       |     2 |       ||     2
   Stab: Sleeping          |     9 |     2 |     8 |       ||    19
         Paralysed         |       |    14 |    58 |     6 ||    78
 Armour: Robe              |    17 |       |    41 |     7 ||    65
         Leather armour    |     5 |    22 |     5 |       ||    32
  Dodge: Dodged            |    51 |    37 |    72 |    23 ||   183
  Block: Buckler           |     5 |    20 |    47 |     9 ||    81
